 Dungeon Crawl Stone Soup version 0.29-a0-330-g52719c12eb (webtiles) character file.

Game seed: 1560146591727197082

998 kae the Firebug (level 7, -1/50 HPs)
             Began as a Demigod Fire Elementalist on Apr 28, 2022.
             Slain by a yak (12 damage)
             ... on level 4 of the Dungeon.
             The game lasted 00:03:03 (6191 turns).

kae the Firebug (Demigod Fire Elementalist)         Turns: 6191, Time: 00:03:04

Health: -1/50      AC:  3    Str:  9    XL:     7   Next: 67%
Magic:  0/17       EV: 12    Int: 25    God:
Gold:   247        SH:  0    Dex: 14    Spells: 2/15 levels left

rFire   . . .      SeeInvis .   d - staff of conjuration
rCold   . . .      Faith    .   (no shield)
rNeg    . . .      Spirit   +   a - +0 robe
rPois   .          Reflect  .   (no helmet)
rElec   .          Harm     .   (no cloak)
rCorr   .          Rampage  .   (no gloves)
Will    .....                   n - +0 pair of boots
Stlth   ++........              o - amulet of guardian spirit
HPRegen 0.16/turn               (no ring)
MPRegen 0.15/turn               (no ring)

@: no status effects
A: high MP 1, forlorn, divine attributes
a: no special abilities


You were on level 4 of the Dungeon.
You visited 1 branch of the dungeon, and saw 5 of its levels.

You collected 247 gold pieces.

Inventory:

Armour
 a - a +0 robe (worn)
 n - a +0 pair of boots (worn)
Magical Staves
 d - a staff of conjuration (weapon)
Jewellery
 o - an amulet of guardian spirit (around neck)
Wands
 k - a wand of flame (13)
 p - a wand of digging (6)
Scrolls
 j - a scroll of teleportation
Potions
 e - a potion of mutation
 f - 3 potions of curing {unknown}
 g - 2 potions of attraction {unknown}
 i - a potion of might {unknown}
 m - 3 potions of brilliance {unknown}
 q - 2 potions of ambrosia {unknown}
 r - a potion of degeneration {unknown}


   Skills:
 - Level 1.7 Dodging
 - Level 1.7 Stealth
 + Level 4.7 Spellcasting
 + Level 4.7 Conjurations
 + Level 5.6 Fire Magic


You had 2 spell levels left.
You knew the following spells:

 Your Spells              Type           Power      Damage    Failure   Level
a - Foxfire               Conj/Fire      100%       2x1d9     1%          1
b - Scorch                Fire           66%        2d8       1%          2
c - Conjure Flame         Conj/Fire      47%        6-21      3%          3
d - Inner Flame           Hex/Fire       19%        N/A       9%          3
e - Flame Wave            Conj/Fire      47%        2d10      10%         4

Your spell library contained the following spells:

 Spells                   Type           Power      Damage    Failure   Level
 Sandblast                Erth           10%        2d5       9%          1
 Passwall                 Tmut/Erth      4%         N/A       13%         2
 Stone Arrow              Conj/Erth      52%        3d10      10%         3
 Conjure Ball Lightning   Conj/Air       13%        3x3d6     99%         6
 Discord                  Hex            2%         N/A       100%        8
 Disjunction              Tloc           2%         N/A       100%        8


Dungeon Overview and Level Annotations

Branches:
Dungeon (5/15)
 Temple: D:4-7

Annotations:
D:3 exclusion: ogre


Innate Abilities, Weirdness & Mutations

You have an increased reservoir of magic. (+10% MP)
You shall have no god before yourself.
Your divine heritage dramatically boosts your attributes as you level up.


Message History

Casting: Scorch (safe; 1% risk of failure)
Confirm with . or Enter, or press ? or * to list all spells.
Flames lash the yak.
The yak is burned terribly!
The yak is severely wounded.
The yak barely misses you. The yak gores you!
* * * LOW HITPOINT WARNING * * *
Casting: Scorch (safe; 1% risk of failure)
Confirm with . or Enter, or press ? or * to list all spells.
Flames lash the yak.
The yak is burned terribly!
The yak is severely wounded.
The yak gores you!
* * * LOW HITPOINT WARNING * * *
The yak gores you.
* * * LOW HITPOINT WARNING * * *
Casting: Scorch (safe; 1% risk of failure)
Confirm with . or Enter, or press ? or * to list all spells.
You don't have enough magic to cast this spell.
Casting: Scorch (safe; 1% risk of failure)
Confirm with . or Enter, or press ? or * to list all spells.
You don't have enough magic to cast this spell.
You feel much better. The yak misses you.
You hit the yak.
You blast the yak.
The yak is almost dead.
The yak gores you.
You hit the yak.
The yak is almost dead.
The yak gores you!
* * * LOW HITPOINT WARNING * * *
You barely miss the yak.
The yak is almost dead.
The yak barely misses you.
You hit the yak but do no damage.
The yak is almost dead.
The yak gores you.
* * * LOW HITPOINT WARNING * * *
You hit the yak but do no damage.
The yak is almost dead.
The yak gores you but does no damage. The yak gores you!
You die...

#..#.###.####.# #....#...#
#.#)##.....##.# #.#.##>...
#.#>##.###.##.# #.#.##...#
#.#†...# #....# ##.#.......
#####.#.##.###.#..#####.#.#######
........##.............###.....##
#.....#.########....###.#.####.##
#.#####.# #.............## #.##
#.# #.####.###@Y..###### ##.##
#.# #......# #.........# ##...#
#.# ######## ###.#####.###.###.
#.# #.# #.....# #. #.###########
#.# #.###.###. #...........# #.#
#.# ##...# ###########.# #.#
###.#####.## #.# #.# #.....#....#
#.# #.###.#.#.#.#...


You could see a yak (combustible).

Vanquished Creatures
  2 yaks (D:4)
  2 sky beasts (D:5)
  An ogre (D:5)
  A necrophage (D:5)
  A scorpion (D:4)
  2 orc priests
  A jelly (D:5)
  2 iguanas (D:4)
  Robin (D:4)
  3 gnolls (D:5)
  5 adders
  A white imp (D:5)
  5 worms
  4 dart slugs
  3 orcs (D:5)
  6 ball pythons
  2 bats
  3 endoplasms
  A giant cockroach (D:2)
  10 hobgoblins
  9 kobolds
  5 quokkas
  2 frilled lizards
  11 goblins
  3 rats
86 creatures vanquished.

Vanquished Creatures (collateral kills)
  5 foxfires (D:1)
5 creatures vanquished.

Vanquished Creatures (others)
  316 foxfires
316 creatures vanquished.

Grand Total: 407 creatures vanquished

Notes
Turn   | Place    | Note
-------+----------+-------------------------------------------
     0 | D:1      | kae the Demigod Fire Elementalist began the quest for the
                  | Orb.
     0 | D:1      | Reached XP level 1. HP: 14/14 MP: 5/5
    68 | D:1      | Reached skill level 1 in Conjurations
   320 | D:1      | Reached XP level 2. HP: 20/20 MP: 2/7
   398 | D:1      | Learned a level 2 spell: Scorch
   538 | D:1      | Reached skill level 3 in Fire Magic
  1791 | D:2      | Reached XP level 3. HP: 26/26 MP: 6/9
  2715 | D:3      | Noticed an ogre
  2982 | D:3      | Reached XP level 4. HP: 33/33 MP: 8/10
  4044 | D:4      | Noticed Robin
  4054 | D:4      | Killed Robin
  4234 | D:4      | Reached XP level 5. HP: 38/38 MP: 8/12
  4318 | D:4      | Reached skill level 4 in Fire Magic
  4703 | D:5      | Entered Level 5 of the Dungeon
  4728 | D:5      | Noticed a sky beast
  4736 | D:5      | Killed a sky beast
  4737 | D:5      | Reached XP level 6. HP: 45/45 MP: 9/14
  4741 | D:5      | Learned a level 3 spell: Conjure Flame
  4745 | D:5      | Learned a level 3 spell: Inner Flame
  5425 | D:5      | Noticed a yak
  5425 | D:5      | Noticed a yak
  5425 | D:5      | Noticed a yak
  5425 | D:5      | Noticed a yak
  5564 | D:5      | Reached skill level 5 in Fire Magic
  5564 | D:5      | Reached XP level 7. HP: 49/50 MP: 10/16
  5569 | D:5      | Learned a level 4 spell: Flame Wave
  5707 | D:5      | Noticed a yak
  5709 | D:5      | Noticed a yak
  5738 | D:4      | Killed a yak
  5989 | D:4      | Killed a yak
  6191 | D:4      | Slain by a yak

Illustrated notes

Levels and vault maps discovered:
D:1:      minmay_arrival_stair_chambers, layout_rooms, serial_forest,
          infiniplex_forest_straight_3, infiniplex_forest_clump_cross,
          infiniplex_forest_clump_small, infiniplex_forest_lined_2,
          infiniplex_forest_side_room, infiniplex_forest_clump_curved,
          infiniplex_forest_straight_5, infiniplex_forest_end_2
D:2:      layout_loops_ring, basic_ecumenical_altar
D:3:      layout_loops_ring, nrook_loot_triangle, minmay_tree_intersection,
          serial_bayou_crossing
D:4:      layout_loops_ring, mainiacjoe_overflow_24_doors, uniq_robin
D:5:      layout_cave_pools, serial_park, serial_park_square3
          [serial_park_minivault_5x5_7], serial_park_tiny_2, serial_park_square1
          [serial_park_minivault_5x5_1], serial_park_tiny_2,
          uniq_crazy_yiuf_cottage

Skill      XL: |  1  2  3  4  5  6 |
---------------+-------------------+-----
Conjurations   | 1 2 3 4 |  4.7
Spellcasting   | 2 3 4 |  4.7
Fire Magic     | 3 4 5 |  5.6
Dodging        | |  1.7
Stealth        | |  1.7

Action                   |  1- 3 |  4- 6 |  7- 9 || total
-------------------------+-------+-------+-------++-------
Melee: Staff             |       |       |     5 ||     5
 Cast: Foxfire           |    92 |    89 |    12 ||   193
       Scorch            |    14 |     8 |    13 ||    35
       Conjure Flame     |       |     1 |       ||     1
  Use: Scroll            |     5 |     3 |       ||     8
       Potion            |       |       |     4 ||     4
Armor: Robe              |     4 |     6 |     2 ||    12
Dodge: Dodged            |    10 |    12 |    15 ||    37

Table legend: (Time is in decaauts)
 A = Elapsed time spent in this place.
 B = Non-inter-level travel time spent in this place.
 C = Inter-level travel time spent in this place.
 D = Time resting spent in this place.
 E = Time spent auto-exploring this place.
 F = Levels seen in this place.
 G = Mean time per level.
                   A        B        C        D        E       F      G
               +--------+--------+--------+--------+--------+-----+--------+
         Total |   6200 |   5974 |    226 |    754 |   4474 |   5 | 1240.0 |
       Dungeon |   6200 |   5974 |    226 |    754 |   4474 |   5 | 1240.0 |
               +--------+--------+--------+--------+--------+-----+--------+

Top non-repeatable levels by time:
     D:4: 1938 daAuts
     D:2: 1296 daAuts
     D:3: 1099 daAuts
     D:1: 1045 daAuts
     D:5: 820 daAuts
